 Dungeon Crawl Stone Soup version 0.30-a0-743-gbfdf073431 (webtiles) character file.

Game seed: 12988873258207366657

41119 boo the Unseen (level 13, 0/55 HPs)
             Began as a Spriggan Enchanter on Feb 6, 2023.
             Was an Initiate of Gozag.
             Killed by divine providence
             ... invoked by an orc priest
              (14 damage)
             ... on level 2 of the Orcish Mines on Feb 7, 2023.
             The game lasted 02:00:58 (23613 turns).

boo the Unseen (Spriggan Enchanter)                Turns: 23613, Time: 02:00:59

Health: 0/55       AC:  8    Str:  4      XL:     13   Next: 78%
Magic:  21/29      EV: 34    Int:  9 (12) God:    Gozag
Gold:   2108       SH: 11    Dex: 20      Spells: 14/34 levels left

rFire   + + .      SeeInvis +    a - +0 dagger (elec)
rCold   + . .      Faith    .    y - +0 buckler
rNeg    . . .      Spirit   .    S - +2 robe of the Onion {Fly rPois rF+ Int-5}
rPois   +          Reflect  +    (helmet restricted)
rElec   +          Harm     .    (no cloak)
rCorr   +          Rampage  .    (gloves unavailable)
Will    ++...                    (boots unavailable)
Stlth   +++++++                  e - amulet of reflection
HPRegen 0.29/turn                z - +5 ring of evasion
MPRegen 0.21/turn                T - +4 ring of protection

@: about to teleport, resistant, gold aura, flying, very slightly contaminated,
hasted, very quick
A: very small, no large weapons, unfitting armour, see invisible, speed 3
a: Renounce Religion, Potion Petition, Call Merchant, Bribe Branch


You were on level 2 of the Orcish Mines.
You worshipped Gozag.
Gozag was most pleased with you.
You visited 4 branches of the dungeon, and saw 19 of its levels.
You also visited: Ossuary.

You collected 4872 gold pieces.
You spent 271 gold pieces at shops.
You paid 2493 gold pieces to Gozag.

Inventory:

Hand Weapons
 a - a +0 dagger of electrocution (weapon)
 b - a +0 dagger of venom
 p - the +1 rapier of Infinite Pain {flame, Int+3 Dex+6}
   (You found it on level 2 of the Dungeon)

   Int:       It affects your intelligence (+3).
   Dex:       It affects your dexterity (+6).
 s - a +0 club
 w - a +1 quick blade of holy wrath
Missiles
 j - 5 curare-tipped darts (quivered)
 m - 2 throwing nets
Armour
 i - a +2 robe of willpower
 y - a +0 buckler (worn)
 A - +0 steam dragon scales
 R - the +1 cloak of Starlight {*Dazzle EV+4 Stlth--}
   (You found it on level 1 of the Lair of Beasts)

   *Dazzle:   It may blind those who miss an attack against the wearer in melee
   combat.
   EV:        It affects your evasion (+4).
   Stlth:     It makes you much less stealthy.
 S - the +2 robe of the Onion (worn) {Fly rPois rF+ Int-5}
   (You found it on level 1 of the Lair of Beasts)

   Int:       It affects your intelligence (-5).
   rF:        It protects you from fire.
   rPois:     It protects you from poison.
   Fly:       It grants you flight.
Jewellery
 e - an amulet of reflection (around neck)
 q - a ring of protection from fire
 z - a +5 ring of evasion (left hand)
 L - a +6 ring of intelligence
 T - a +4 ring of protection (right hand)
Wands
 x - a wand of charming (8)
 I - a wand of mindburst (12)
Scrolls
 d - a scroll of poison
 g - a scroll of teleportation
 o - 3 scrolls of enchant weapon
 r - 6 scrolls of brand weapon
 v - 2 scrolls of silence
 C - 4 scrolls of fog
 H - a scroll of torment {unknown}
 J - a scroll of magic mapping {unknown}
 K - 3 scrolls of enchant armour
 N - 2 scrolls of summoning {unknown}
 U - a scroll of fear {unknown}
 W - a scroll of immolation {unknown}
Potions
 c - 2 potions of invisibility
 f - 11 potions of curing
 h - 3 potions of cancellation
 k - 5 potions of magic
 l - 3 potions of might
 n - 2 potions of resistance
 t - 3 potions of haste
 u - 2 potions of flight {unknown}
 D - 3 potions of heal wounds
 G - 2 potions of ambrosia {unknown}
 M - 6 potions of brilliance
 O - 2 potions of berserk rage
 Q - a potion of degeneration {unknown}
 X - a potion of lignification {unknown}


   Skills:
 * Level 11.6 Short Blades
 + Level 14.7 Dodging
 + Level 16.2 Stealth
 - Level 7.1 Shields
 + Level 11.3 Spellcasting
 - Level 7.2 Hexes
 - Level 10.1 Translocations
 - Level 1.4 Ice Magic


You had 14 spell levels left.
You knew the following spells:

 Your Spells              Type           Power      Damage    Failure   Level
a - Ensorcelled Hibernat  Hex/Ice        24%        N/A       6%          2
b - Confusing Touch       Hex            18%        N/A       3%          3
c - Tukima's Dance        Hex            18%        N/A       3%          3
d - Blink                 Tloc           46%        N/A       1%          2
e - Teleport Other        Tloc           23%        N/A       1%          3
f - Manifold Assault      Tloc           23%        N/A       3%          4
g - Gell's Gravitas       Tloc           23%        N/A       1%          3

Your spell library contained the following spells:

 Spells                   Type           Power      Damage    Failure   Level
 Lesser Beckoning         Tloc           46%        N/A       1%          2
 Momentum Strike          Conj/Tloc      28%        3d8       4%          2
 Dazzling Flash           Conj/Hex       22%        N/A       16%         3
 Iskenderun's Mystic Bla  Conj/Tloc      14%        2d5       28%         4
 Sublimation of Blood     Necr           5%         N/A       34%         2
 Wereblood                Tmut           5%         N/A       34%         2
 Dispersal                Tloc           11%        N/A       50%         6
 Airstrike                Air            2%         2d(1-17)  92%         4
 Summon Lightning Spire   Summ/Air       5%         N/A       92%         4
 Lightning Bolt           Conj/Air       2%         1d14      99%         5
 Starburst                Conj/Fire      2%         6d3       100%        6
 Summon Hydra             Summ           2%         N/A       100%        7
 Disjunction              Tloc           11%        N/A       100%        8


Dungeon Overview and Level Annotations

Branches:
Dungeon (12/15)            Temple (1/1) D:4            Lair (4/5) D:11
 Shoals (0/4) Lair:3        Snake (0/4) Lair:2        Slime (0/5) Lair:4
    Orc (2/2) D:9             Elf (0/3) Orc:2       Ossuary (visited)

Altars:
Ashenzari
Cheibriados
Dithmenos
Elyvilon
Fedhas
Gozag
Hepliaklqana
Kikubaaqudgha
Makhleb
Nemelex Xobeh
Okawaru
Qazlal
Ru
Sif Muna
Trog
Uskayaw
Vehumet
Wu Jian
Xom
Yredelemnul
Zin
The Shining One
Jiyva

Shops:
D:1 !   D:5 [   D:7 **   D:8 *:   D:9 =[   Orc:1 :   Orc:2 !?

Annotations:
D:6 exclusion: downstairs
D:8 exclusion: 2 downstairs
D:9 exclusion: door
Orc:2 Azrael


Innate Abilities, Weirdness & Mutations

You are very small and have problems with some larger weapons.
You are too small for most types of armour.
You have supernaturally acute eyesight. (SInv)
You cover ground extremely quickly. (Speed+++)


Message History

Aim: an orc high priest, wielding a +0 scimitar (moderately wounded, strong, not susceptible)
The orc high priest is unaffected.
The orc knight roars a battlecry!
The neqoxec hits you.
The orc high priest completely misses you.
The red devil closely misses you. You block the orc priest's attack.
You hear a shout!
You closely miss the orc high priest.
The orc high priest is moderately wounded.
You hear a shout!
You hit the orc high priest but do no damage.
The orc high priest is moderately wounded.
The neqoxec misses you. The orc high priest closely misses you.
You block the red devil's attack. The orc priest completely misses you.
The orc warrior hits you with a +0 war axe.
You hit the orc high priest.
The orc high priest is moderately wounded.
You hit the orc high priest.
Lightning courses through the orc high priest!
The orc high priest is heavily wounded.
The orc knight roars a battlecry!
You block the neqoxec's attack.
The orc high priest completely misses you.
The orc priest mumbles some strange prayers to Beogh against you.
Beogh smites you! The red devil completely misses you.
The orc warrior completely misses you.
The orc priest looks braver for a moment.
You hear a shout!
You see here 7 gold pieces.
You now have 2108 gold pieces (gained 7).
The orc high priest is distracted by your dazzling golden aura.
As you read the scroll of teleportation, it crumbles to dust.
You feel strangely unstable.
The orc priest invokes the aid of Beogh against you.
Beogh smites you!
* * * LOW HITPOINT WARNING * * *
The orc priest calls down the wrath of Beogh upon you.
Beogh smites you!
You die...
Your body crumbles into a pile of gold.

...# #.....# #...................
..###.#...#.###......#...........
.###..oo o...###.................
###.o.# #o..####...#...........
##.o.# #.4.####..............
#..3# #ooo###.............. .o.#
#.o.###............. #o#
##3#.###[)[......... .##
##@..###)#...#..... #.##
##.#.###))....#..... ...##
##...###)............ #...##
##...###.)[...#.#..... ##...##
##...###..##....#...... ###...##
##...###..####.....<....
)###...###...###..## ###.#......
).##....#....##..## ####....#
#.)#.#....)#.#..## ##....


You could see an orc knight, an orc high priest (strong, unaware), a neqoxec, a
red devil, an orc warrior (strong) and 3 orc priests.

Vanquished Creatures
  Kirke (Lair:4)
  Nessos (Lair:4)
  Snorg (Lair:4)
  A hydra (Lair:3)
  Erica (Lair:2)
  2 two-headed ogres (D:9)
  A centaur warrior (D:11)
  An orc high priest (Orc:2)
  A skeletal warrior (D:11)
  A harpy (Lair:3)
  2 orc knights
  2 cyclopes
  A manticore (D:11)
  18 elephants
  4 black mambas
  A torpor snail (Lair:4)
  7 cane toads
  7 komodo dragons
  Maggie (D:10)
  2 rime drakes
  4 trolls
  A red devil (Orc:2)
  12 blink frogs
  A ynoxinul (Orc:2)
  A shadow (D:9)
  A wraith (D:12)
  A spriggan (Lair:2)
  A vampire (D:10)
  3 hogs (Lair:4)
  3 wyverns
  37 yaks
  A fire elemental (Orc:2)
  3 basilisks
  A steam dragon (D:4)
  3 nagas (Lair:2)
  An acid dragon (D:11)
  11 water moccasins
  2 hell hounds (Orc:2)
  2 ice beasts
  3 black bears
  21 orc warriors
  A sky beast (D:7)
  6 wolves (Lair:1)
  3 ogres
  2 phantoms (D:9)
  2 kobold brigands
  12 bullfrogs
  3 necrophages
  2 scorpions
  A gnoll sergeant (D:9)
  An elf zombie (Ossuary)
  5 wights (D:9)
  3 troll zombies (D:9)
  16 killer bees
  4 howler monkeys
  An electric eel (Lair:4)
  2 human zombies (Ossuary)
  5 jellies (Lair:4)
  2 hounds
  19 orc priests
  An iguana (D:4)
  6 orc wizards
  5 ogre zombies (D:9)
  A hound zombie (Ossuary)
  4 mummies (Ossuary)
  Robin (D:3)
  11 gnolls
  5 adders
  2 shadow imps
  2 white imps
  An ufetubus (D:6)
  2 adder zombies (Ossuary)
  A worm (D:2)
  8 dart slugs
  49 orcs
  7 endoplasms
  3 giant cockroaches
  A gnoll zombie (Ossuary)
  16 goblins
  7 hobgoblins
  2 jackals (D:1)
  8 kobolds
  3 quokkas
  4 ball pythons
  4 bats
  2 frilled lizards
  2 goblin skeletons (D:9)
  3 goblin zombies
  A hobgoblin skeleton (D:9)
  2 hobgoblin zombies (D:9)
  A jackal zombie (Ossuary)
  2 orc skeletons (D:9)
  16 orc zombies (D:9)
  5 rats
  3 rat zombies (Ossuary)
450 creatures vanquished.

Vanquished Creatures (others)
  96 fungi
  100 plants
196 creatures vanquished.

Grand Total: 646 creatures vanquished

Notes
Turn   | Place    | Note
-------+----------+-------------------------------------------
     0 | D:1      | boo the Spriggan Enchanter began the quest for the Orb.
     0 | D:1      | Reached XP level 1. HP: 9/9 MP: 5/5
   214 | D:1      | Found a faded altar of an unknown god.
   410 | D:1      | Reached XP level 2. HP: 7/13 MP: 6/6
   537 | D:1      | Learned a level 2 spell: Ensorcelled Hibernation
   627 | D:1      | Found Osasheonku's Distillery.
  1026 | D:2      | You fall into a shaft and drop 1 floor!
  1345 | D:2      | Reached XP level 3. HP: 16/16 MP: 5/8
  1423 | D:2      | Identified the +1 rapier of Infinite Pain {flame, Int+3
                  | Dex+6}
  1432 | D:2      | Learned a level 3 spell: Confusing Touch
  1548 | D:2      | Learned a level 3 spell: Tukima's Dance
  1928 | D:3      | Noticed Robin
  2704 | D:3      | Killed Robin
  3012 | D:3      | Reached XP level 4. HP: 19/21 MP: 3/9
  3305 | D:4      | Noticed a scorpion
  3317 | D:4      | Killed a scorpion
  3318 | D:4      | Reached skill level 1 in Ice Magic
  3345 | D:4      | Reached XP level 5. HP: 24/24 MP: 7/11
  3436 | D:4      | Found a staircase to the Ecumenical Temple.
  3462 | Temple   | Entered the Ecumenical Temple
  3617 | D:4      | Noticed a steam dragon
  3624 | D:4      | Killed a steam dragon
  3625 | D:4      | Reached XP level 6. HP: 28/28 MP: 11/13
  3900 | D:4      | Found a shimmering blue altar of Sif Muna.
  4166 | D:4      | Reached skill level 5 in Hexes
  4399 | D:5      | Entered Level 5 of the Dungeon
  4471 | D:5      | Found Segu's Antique Armour Boutique.
  5143 | D:5      | Noticed an ice beast
  5147 | D:5      | Killed an ice beast
  5148 | D:5      | Reached XP level 7. HP: 32/32 MP: 14/14
  5419 | D:5      | Found a broken altar of Ashenzari.
  5567 | D:6      | Reached skill level 5 in Short Blades
  5567 | D:6      | Reached skill level 5 in Dodging
  5930 | D:6      | Reached skill level 5 in Spellcasting
  6041 | D:6      | Found a hazy altar of Hepliaklqana.
  6062 | D:6      | Noticed a wyvern
  6069 | D:6      | Killed a wyvern
  6070 | D:6      | Reached XP level 8. HP: 36/36 MP: 13/17
  6305 | Temple   | Became a worshipper of Gozag Ym Sagoz the Greedy
  6649 | D:7      | Found Naarghuen's Specific Store.
  7356 | D:7      | Found an iron altar of Okawaru.
  7358 | D:7      | Found a glowing silver altar of Zin.
  7605 | D:7      | Found Ceklol's General Store.
  7660 | D:7      | Reached XP level 9. HP: 39/39 MP: 12/20
  7791 | D:8      | Found Etraj's Book Shoppe.
  7917 | D:8      | Identified the +2 falchion of the Tiger {venom, rCorr}
  7977 | D:8      | Reached skill level 1 in Shields
  8175 | D:8      | Found Xatirph's General Store.
  8561 | D:8      | Found a sand-covered staircase.
  8569 | Ossuary  | Entered an ossuary
  9001 | D:9      | Noticed a two-headed ogre
  9085 | D:9      | Found a staircase to the Orcish Mines.
  9266 | D:9      | Killed a two-headed ogre
  9512 | D:9      | Noticed a two-headed ogre
  9515 | D:9      | Killed a two-headed ogre
  9516 | D:9      | Reached XP level 10. HP: 33/44 MP: 18/21
  9917 | D:9      | Reached skill level 5 in Shields
 10383 | D:9      | Found a bloodstained altar of Trog.
 10889 | D:10     | Entered Level 10 of the Dungeon
 11013 | D:10     | Noticed Maggie
 11038 | D:10     | Reached skill level 10 in Short Blades
 11038 | D:10     | Reached skill level 10 in Dodging
 11205 | D:11     | Noticed a skeletal warrior
 11206 | D:11     | Noticed a skeletal warrior
 11226 | D:11     | Killed a skeletal warrior
 11227 | D:11     | Noticed a skeletal warrior
 11227 | D:11     | Noticed a skeletal warrior
 11227 | D:11     | Noticed a skeletal warrior
 11270 | D:11     | Noticed a centaur warrior
 11290 | D:11     | Killed a centaur warrior
 11303 | D:11     | Noticed a manticore
 11579 | D:11     | Found a staircase to the Lair.
 11902 | D:10     | Found an opulent altar of Gozag.
 11904 | D:10     | Found a shimmering altar of Xom.
 11904 | D:10     | Found a shadowy altar of Dithmenos.
 11908 | D:10     | Found a blossoming altar of Fedhas.
 11908 | D:10     | Found an ornate altar of the Wu Jian Council.
 11908 | D:10     | Found a sparkling altar of Nemelex Xobeh.
 11949 | D:10     | Found a hide-covered altar of Uskayaw.
 11997 | D:10     | Killed Maggie
 12308 | D:10     | Reached XP level 11. HP: 47/47 MP: 19/22
 12428 | D:10     | Learned a level 2 spell: Blink
 12792 | D:11     | Reached skill level 5 in Stealth
 12792 | D:11     | Reached skill level 1 in Translocations
 13318 | D:11     | Reached skill level 6 in Stealth
 13425 | Lair:1   | Entered Level 1 of the Lair of Beasts
 13548 | Lair:1   | Reached skill level 7 in Stealth
 13837 | Lair:1   | Reached skill level 8 in Stealth
 14000 | Lair:1   | Found the +1 cloak of Starlight {*Dazzle EV+4 Stlth--}
 14243 | Lair:1   | Reached skill level 9 in Stealth
 14290 | Lair:1   | Learned a level 3 spell: Teleport Other
 14295 | Lair:1   | Learned a level 4 spell: Manifold Assault
 14556 | Lair:1   | Identified the +2 robe of the Onion {Fly rPois rF+ Int-5}
 14690 | Lair:2   | Reached skill level 5 in Translocations
 14931 | Lair:2   | Reached XP level 12. HP: 47/51 MP: 13/25
 14938 | Lair:2   | Reached skill level 10 in Stealth
 15490 | Lair:2   | Reached skill level 11 in Stealth
 15662 | Lair:2   | You are sucked into a shaft and drop 2 floors!
 15807 | Lair:2   | Noticed Erica
 15817 | Lair:2   | Killed Erica
 15859 | Lair:2   | Found a staircase to the Snake Pit.
 15906 | Lair:2   | Reached skill level 12 in Stealth
 16053 | Lair:2   | Noticed a dire elephant
 16435 | Lair:2   | Reached skill level 13 in Stealth
 16741 | Lair:3   | Found a staircase to the Shoals.
 16753 | Lair:3   | Noticed an eight-headed hydra
 16766 | Lair:3   | Identified a scroll of acquirement
 16767 | Lair:3   | Acquired a +1 quick blade of holy wrath
 17005 | Lair:3   | Killed an eight-headed hydra
 17556 | Lair:4   | Found a viscous altar of Jiyva.
 17607 | Lair:4   | Found a staircase to the Slime Pits.
 17607 | Lair:4   | Noticed Nessos
 17616 | Lair:4   | Killed Nessos
 17692 | Lair:4   | Reached skill level 10 in Spellcasting
 17928 | Lair:4   | Noticed Snorg
 18004 | Lair:4   | Reached skill level 14 in Stealth
 18004 | Lair:4   | Reached XP level 13. HP: 53/55 MP: 10/28
 18201 | Lair:4   | Killed Snorg
 18353 | Lair:4   | Noticed Kirke
 19206 | Lair:4   | Killed Kirke
 19207 | Lair:4   | Reached skill level 15 in Stealth
 19987 | Lair:4   | Reached skill level 10 in Translocations
 20689 | Orc:1    | Entered Level 1 of the Orcish Mines
 20966 | D:1      | Bought a potion of curing for 30 gold pieces
 20966 | D:1      | Bought a potion of berserk rage for 50 gold pieces
 20966 | D:1      | Bought a potion of invisibility for 80 gold pieces
 20966 | D:1      | Bought a potion of curing for 30 gold pieces
 21216 | D:9      | Bought a glowing robe for 81 gold pieces
 21245 | Orc:1    | Found Qumucero's Book Shoppe.
 21456 | Orc:2    | Entered Level 2 of the Orcish Mines
 21460 | Orc:2    | Noticed Azrael
 21815 | Orc:2    | Found a staircase to the Elven Halls.
 21888 | Orc:2    | Reached skill level 16 in Stealth
 22506 | Orc:2    | Found Agoulyokk's Magic Scroll Shop.
 22510 | Orc:2    | Found Yfarchig's Distillery.
 22639 | Orc:2    | Learned a level 3 spell: Gell's Gravitas
 23613 | Orc:2    | Killed from afar by an orc priest

Illustrated notes

Levels and vault maps discovered:
D:1:      dpeg_cavernosity, layout_basic, serial_shops, nicolae_lakefront_shop,
          shapermc_ecumenical_altar_starsandcircs
D:2:      layout_basic
D:3:      layout_basic, corexii_hall_statues_x, uniq_robin
D:4:      kennysheep_slugbush, layout_loops_ring,
          nicolae_sif_muna_little_library, minmay_temple_entry_slanted
D:5:      layout_loops_corners, marbit_many_paths, serial_shops, shop_coins,
          ebering_dispersal_statue_hall
D:6:      wad_pebble_path, layout_loops_cross, nicolae_overflow_crystal_walls,
          hangedman_abyss_or_decor_lesser_grid
D:7:      layout_loops_ring, chequers_temple_overflow_statue_of_worship,
          minmay_holes, nicolae_specific_store
D:8:      layout_gridville, serial_shops, nicolae_shop_crystal, shop,
          chequers_ossuary_entry_cave, minmay_misc_feat_doors
D:9:      layout_roguey, trog_three_pillars_becter, zombieorc2_lemuel,
          kennysheep_small_square
D:10:     layout_rooms, nicolae_uskayaw_suspiria, doesnt_xom_only_xom,
          uniq_maggie
D:11:     layout_loops_ring, david_lair_generic
D:12:     layout_grid_maze
Temple:   nicolae_temple_two_arcs
Lair:1:   layout_gridlike, disabler_island
Lair:2:   mu_elephants_graveyard, layout_regular_city,
          minmay_snake_entry_guardpost_small, uniq_erica
Lair:3:   layout_cave_pods, nicolae_shoals_entry_roost, st_stairs_13,
          grunt_megastairs_4
Lair:4:   layout_cave_pods, nicolae_slime_entry_field_trip,
          chequers_serial_rivers_room_b, serial_bayou_ford_a,
          grunt_forest_small_clearing_treed, grunt_megastairs_2, uniq_kirke,
          uniq_nessos, uniq_snorg
Orc:1:    layout_caves, serial_shops, shop
Orc:2:    pf_orc_diabolical, layout_caves, basic_altar, uniq_azrael

Skill      XL: |  1  2  3  4  5  6  7  8  9 10 11 12 13 |
---------------+----------------------------------------+-----
Dodging        | 3 4 5 7 9 10 12 13 14 | 14.7
Short Blades   | 2 3 4 6 8 9 10 11 | 11.6
Spellcasting   | 3 4 5 6 8 10 11 | 11.3
Hexes          | 4 5 6 7 |  7.2
Ice Magic      | 1 |  1.4
Shields        | 4 6 7 |  7.1
Stealth        | 9 14 16 | 16.2
Translocations | 5 8 10 | 10.1

Action                     |  1- 3 |  4- 6 |  7- 9 | 10-12 | 13-15 || total
---------------------------+-------+-------+-------+-------+-------++-------
  Melee: Dagger            |   123 |    80 |   397 |   490 |   377 ||  1467
         Punch             |       |       |     4 |     3 |       ||     7
         Quick blade       |       |       |       |       |   116 ||   116
  Throw: Dart              |       |       |       |       |     3 ||     3
   Cast: Ensorcelled Hiber |    21 |    27 |    74 |   244 |   154 ||   520
         Confusing Touch   |       |       |     3 |     5 |       ||     8
         Tukima's Dance    |       |       |       |     5 |       ||     5
 Invoke: Potion Petition   |       |       |       |       |     2 ||     2
         Call Merchant     |       |       |       |       |     2 ||     2
    Use: Scroll            |     6 |     4 |       |    13 |     5 ||    28
         Potion            |       |       |     1 |       |     3 ||     4
   Stab: Sleeping          |    22 |    18 |    46 |   105 |    67 ||   258
         Invisible         |       |       |     2 |       |    10 ||    12
         Distracted        |       |       |     1 |     4 |     2 ||     7
         Confused          |       |       |     1 |     1 |       ||     2
 Armour: Robe              |    13 |       |       |     7 |    18 ||    38
         Steam dragon scal |       |     1 |    16 |    11 |       ||    28
  Dodge: Dodged            |    78 |    41 |   279 |   280 |   218 ||   896
  Block: Other             |       |    10 |    62 |     8 |       ||    80
         Reflection        |       |     2 |     2 |     5 |     3 ||    12
         Buckler           |       |       |       |   187 |   152 ||   339

Table legend: (Time is in decaauts)
 A = Elapsed time spent in this place.
 B = Non-inter-level travel time spent in this place.
 C = Inter-level travel time spent in this place.
 D = Time resting spent in this place.
 E = Time spent auto-exploring this place.
 F = Levels seen in this place.
 G = Mean time per level.
                   A        B        C        D        E       F      G
               +--------+--------+--------+--------+--------+-----+--------+
         Total |  17194 |  16468 |    726 |   5426 |   3925 |  20 |  859.7 |
       Dungeon |  10024 |   9382 |    642 |   2756 |   2937 |  12 |  835.3 |
        Temple |    101 |     85 |     16 |      0 |     63 |   1 |  101.0 |
          Lair |   5020 |   4952 |     68 |   1785 |    859 |   4 | 1255.0 |
  Orcish Mines |   1839 |   1839 |      0 |    861 |     64 |   2 |  919.5 |
       Ossuary |    208 |    208 |      0 |     24 |      0 |   1 |  208.0 |
               +--------+--------+--------+--------+--------+-----+--------+

Top non-repeatable levels by time:
  Lair:4: 1896 daAuts
   Orc:2: 1501 daAuts
  Lair:2: 1399 daAuts
     D:9: 1236 daAuts
     D:3: 1203 daAuts
    D:11: 1074 daAuts
    D:10: 1028 daAuts
  Lair:1: 963 daAuts
     D:8: 915 daAuts
     D:7: 904 daAuts
     D:4: 868 daAuts
     D:5: 819 daAuts
  Lair:3: 761 daAuts
     D:6: 725 daAuts
     D:1: 612 daAuts
